 Dungeon Crawl Stone Soup version 0.31-a0-1207-g4ab8c38 (webtiles) character file.

Game seed: 4382713245683124979

55 edsrzf the Gusty (level 3, -2/21 HPs)
             Began as an Octopode Air Elementalist on Dec 13, 2023.
             Slain by a goblin
             ... wielding a +0 club
             ... led by Robin
              (6 damage)
             ... on level 2 of the Dungeon.
             The game lasted 00:04:08 (1046 turns).

edsrzf the Gusty (Octopode Air Elementalist)        Turns: 1046, Time: 00:04:09

Health: -2/21      AC:  1    Str:  7    XL:     3   Next: 93%
Magic:  7/7        EV: 13    Int: 19    God:
Gold:   24         SH:  0    Dex: 12    Spells: 7/8 levels left

rFire   . . .        a - +1 dagger (speed)
rCold   . . .        (no shield)
rNeg    . . .        (helmet restricted)
rPois   .            (no amulet)
rElec   .            (no ring)
rCorr   .            (no ring)
SInv    .            (no ring)
Will    .....        (no ring)
Stlth   +++          (no ring)
HPRegen 0.23/turn    (no ring)
MPRegen 0.10/turn    (no ring)
                     (no ring)

%: no passive effects
@: no status effects
A: almost no armour, amphibious, 8 rings, camouflage 1, gelatinous body 1,
(nimble swimmer 1), tentacles
a: no special abilities


You were on level 2 of the Dungeon.
You visited 1 branch of the dungeon, and saw 2 of its levels.

You collected 24 gold pieces.

Inventory:

Hand Weapons
 a - a +1 dagger of speed (weapon)
Missiles
 b - 3 poisoned darts
 h - 2 javelins
Scrolls
 c - 3 scrolls of identify {unknown}
 f - a scroll of blinking {unknown}
 i - a scroll of amnesia {unknown}
 j - a scroll of teleportation {unknown}
 l - a scroll of torment {unknown}
Potions
 d - a potion of lignification {unknown}
 e - a potion of curing {unknown}
 g - a potion of magic
 k - a potion of mutation {unknown}


   Skills:
 - Level 2.0 Dodging
 - Level 2.6 Stealth
 + Level 3.0 Spellcasting
 + Level 2.6 Conjurations
 - Level 3.0 Air Magic


You had 7 spell levels left.
You knew the following spells:

 Your Spells              Type           Power      Damage    Failure   Level
X - Shock                 Conj/Air       52%        1d6       4%          1

Your spell library contained the following spells:

 Spells                   Type           Power      Damage    Failure   Level
 Static Discharge         Conj/Air       26%        3-5/arc   8%          2
 Swiftness                Air            14%        N/A       13%         3
 Slow                     Hex            8%         N/A       16%         1
 Cigotuvi's Dreadful Rot  Necr/Pois/Air  12%        N/A       16%         2
 Confusing Touch          Hex            2%         N/A       41%         3
 Ignite Poison            Fire/Tmut/Pois 2%         N/A       41%         3
 Sigil of Binding         Hex            2%         N/A       41%         3
 Vampiric Draining        Necr           2%         2d6       41%         3
 Airstrike                Air            7%         2d(1-17)  41%         4
 Freezing Cloud           Conj/Ice/Air   5%         6-21      89%         5


Dungeon Overview and Level Annotations

Branches:
Dungeon (2/15)

Altars:

Annotations:
D:2 Robin


Innate Abilities, Weirdness & Mutations

You cannot wear most types of armour.
You are amphibious.
You can wear up to eight rings at the same time.
Your skin changes colour to match your surroundings (Stealth+).
Your rubbery body absorbs attacks. (AC +1, EV +1)
((You are camouflaged when in or above water. (Stealth+)))
You have tentacles for arms and can constrict up to eight enemies at once.


Message History

You see here a frilled lizard corpse.
Found a pair of gloves.
You see here a +0 pair of gloves.
There is a stone staircase leading down here.
Things that are here:
a +0 scale mail; a +0 tower shield You open the door.
There is an open door here.
There is an open door here.
Things that are here:
a +0 scale mail; a +0 tower shield Done exploring.
Done exploring.
There is a stone staircase leading down here.
You climb downwards.
The kobold shouts!
The rat squeaks loudly.
There is a stone staircase leading up here.
You hit the kobold. You grab the kobold. You squeeze the kobold.
You kill the kobold!
Things that are here:
a +0 dagger; a kobold corpse
There is a stone staircase leading up here.
You hit the rat.
You kill the rat!
You see here a rat corpse.
Autoexplore disabled on this floor!
Autoexplore enabled for D:2
c - 3 scrolls labelled TOMEDO DOUGI (gained 1)
Found a ring mail.
l - a scroll labelled AJIHOSCH GOIC An endoplasm comes into view.
An endoplasm is nearby!
The endoplasm quivers.
You hit the endoplasm but do no damage. You hit the endoplasm.
The endoplasm is heavily wounded.
The endoplasm freezes you.
You are frozen.
You hit the endoplasm but do no damage.
The endoplasm is heavily wounded.
The endoplasm barely misses you.
You hit the endoplasm.
You kill the endoplasm!
HP restored.
A goblin and a giant cockroach come into view.
A hobgoblin comes into view.
You hit the giant cockroach.
You kill the giant cockroach!
Found 7 gold pieces.
The hobgoblin shouts!
The goblin shouts!
You hit the goblin. You grab the goblin. You squeeze the goblin.
You kill the goblin!
Your Spellcasting skill increases to level 3!
You closely miss the hobgoblin. Your grab misses the hobgoblin.
You squeeze the hobgoblin.
The hobgoblin is severely wounded.
The hobgoblin closely misses you.
You hit the hobgoblin. You grab the hobgoblin.
The hobgoblin is almost dead.
You constrict the hobgoblin.
You kill the hobgoblin!
Things that are here:
a +0 club; a hobgoblin corpse You now have 24 gold pieces (gained 7).
A hobgoblin and 2 goblins come into view.
A goblin is wielding a +2 dagger of venom.
Found a leather armour.
The goblin moves out of view.
A goblin comes into view. It is wielding a +0 dagger.
The goblin shouts! x2; You hear a shout! x6
A goblin comes into view. It is wielding a +0 club.
Robin and a goblin come into view.
Robin throws the goblin at you! The goblin hits you with a club.
A hobgoblin comes into view.
The goblin attacks as it pursues you! The goblin hits you but does no damage.
You closely miss the goblin. Your grab misses the goblin.
You squeeze the goblin.
You kill the goblin!
You hit the hobgoblin. Your grab misses the hobgoblin.
You squeeze the hobgoblin.
You kill the hobgoblin!
You hit the goblin.
You kill the goblin! 2 goblins come into view.
The goblin shouts! x2; You hear a shout!
Robin throws the goblin at you! The goblin closely misses you.
A hobgoblin comes into view.
The goblin hits you with a +0 dagger.
The hobgoblin shouts! x2
Things that are here:
a +2 dagger of venom; a +0 club; a hobgoblin corpse The goblin hits you with a +0 dagger.
Robin roars a battlecry!
The goblins go into a battle-frenzy!
The goblin attacks as it pursues you! The goblin hits you with a +0 club.
* * * LOW HITPOINT WARNING * * *
You closely miss the goblin. You grab the goblin.
You squeeze the goblin, but do no damage.
You constrict the goblin. The goblin hits you with a +0 club.
You die...

#..###.#..#†#.# ..
....##.#..#.#.#
....##.#..#.#.#
....##.#..#.#.#
..).##.#....#.#
....##.##...#.####..#
..#.#...............#
............#.#####.#
..#.#........ggg@...#
.##.##.##..g#g#######
. .........).# .
.##.##..g### #....g.#
#..##.!# #.. .g.# #[
#..g# # #..g#


You could see Robin and 4 goblins.

Vanquished Creatures
  A gnoll (D:1)
  2 dart slugs (D:1)
  3 ball pythons (D:1)
  4 endoplasms
  2 giant cockroaches
  6 hobgoblins
  3 kobolds
  4 bats (D:1)
  4 frilled lizards (D:1)
  6 goblins
  4 rats
39 creatures vanquished.

Notes
Turn   | Place    | Note
-------+----------+-------------------------------------------
     0 | D:1      | edsrzf the Octopode Air Elementalist began the quest for
                  | the Orb.
     0 | D:1      | Reached XP level 1. HP: 11/11 MP: 3/3
   141 | D:1      | Reached XP level 2. HP: 17/17 MP: 0/5
   292 | D:1      | Reached skill level 2 in Conjurations
   430 | D:1      | Reached XP level 3. HP: 21/21 MP: 3/6
  1000 | D:2      | Reached skill level 3 in Spellcasting
  1034 | D:2      | Noticed Robin
  1046 | D:2      | Slain by a goblin

Illustrated notes

Levels and vault maps discovered:
D:1:      doesnt_arrival_eight_statues, layout_rooms
D:2:      layout_basic, uniq_robin

Skill      XL: |  1  2  3 |
---------------+----------+-----
Conjurations   | 2 |  2.6
Spellcasting   | 3 |  3.0
Dodging        | |  2.0
Stealth        | |  2.6
Air Magic      | |  3.0

Action                     || total
---------------------------++-------
  Melee: Unarmed           ||    31
         Tentacles         ||    17
         Constrict         ||    19
         Dagger            ||    51
         Punch             ||     1
   Cast: Shock             ||    31
   Stab: Sleeping          ||     2
         Distracted        ||     1
 Armour: Skin              ||    37
  Dodge: Dodged            ||    40

Table legend: (Time is in decaauts)
 A = Elapsed time spent in this place.
 B = Non-inter-level travel time spent in this place.
 C = Inter-level travel time spent in this place.
 D = Time resting spent in this place.
 E = Time spent auto-exploring this place.
 F = Levels seen in this place.
 G = Mean time per level.
                   A        B        C        D        E       F      G
               +--------+--------+--------+--------+--------+-----+--------+
         Total |   1028 |   1028 |      0 |    152 |    578 |   2 |  514.0 |
       Dungeon |   1028 |   1028 |      0 |    152 |    578 |   2 |  514.0 |
               +--------+--------+--------+--------+--------+-----+--------+

Top non-repeatable levels by time:
     D:1: 913 daAuts
     D:2: 115 daAuts
